| TOP OF THE 1ST |
|
San Francisco (APP) Giants batting - Pitching for Chicago (APP) Cubs : RHP Bobby Almonte
|
|
Pitching: RHP Bobby Almonte
|
|
|
Batting: RHB Vinny Torres
|
0-0: Called Strike 0-1: Ball 1-1: Ball 2-1: Called Strike 2-2: Ground out 6-3 (Groundball, 56, EV 81.2 MPH)
|
|
Batting: RHB Coen Dirks
|
0-0: Ball 1-0: SINGLE (Groundball, 25, EV 67.5 MPH) (infield hit)
|
|
Batting: RHB Edwin Verdugo
|
0-0: Called Strike 0-1: Foul Ball, location: 2F 0-2: Fly out, F9 (Flyball, 9LM, EV 105.6 MPH)
|
|
Batting: RHB Zach Maguire
|
0-0: Ball 1-0: Ball Passed Ball! Coen Dirks to second 2-0: Called Strike 2-1: Foul Ball, location: 2F 2-2: 2-RUN HOME RUN (Flyball, 7D, EV 103.1 MPH), Distance : 380 ft
|
|
Batting: RHB Tsugio Yamaguchi
|
0-0: SINGLE (Flyball, 34D, EV 88.8 MPH)
|
|
Batting: RHB Dave Perron
|
0-0: Called Strike 0-1: Ball 1-1: Called Strike Tsugio Yamaguchi steals 2nd base 1-2: 2-RUN HOME RUN (Flyball, 89XD, EV 107.5 MPH), Distance : 449 ft
|
|
Batting: RHB Alex Peguero
|
0-0: Ball 1-0: Foul Ball, location: 2F 1-1: Fly out, F9 (Flyball, 89S, EV 86.9 MPH)
|
| Top of the 1st over - 4 runs, 4 hits, 0 errors, 0 left on base; San Francisco (APP) 4 - Chicago (APP) 0 |
| BOTTOM OF THE 1ST |
|
Chicago (APP) Cubs batting - Pitching for San Francisco (APP) Giants : LHP Diego Tellez
|
|
Pitching: LHP Diego Tellez
|
|
|
Batting: RHB Lencho Otieno
|
0-0: Ball 1-0: Ball 2-0: Ball 3-0: Called Strike 3-1: Ground out 3-1 (Groundball, 34, EV 102.5 MPH)
|
|
Batting: SHB Jim Lloyd
|
0-0: Ball 1-0: Foul Ball, location: 2F 1-1: Swinging Strike 1-2: Ball 2-2: Foul Ball, location: 2F 2-2: Strikes out swinging
|
|
Batting: RHB Andy Baumhardt
|
0-0: Ball 1-0: Foul Ball, location: 2F 1-1: SINGLE (Line Drive, 9S, EV 100.0 MPH)
|
|
Batting: LHB Jose Mafano
|
0-0: Ball 1-0: Called Strike 1-1: Ball 2-1: Foul Ball, location: 2F 2-2: Ball 3-2: Foul Ball, location: 2F 3-2: Base on Balls Andy Baumhardt to second
|
|
Batting: RHB Jorge Gonzalez
|
0-0: Ball 1-0: Ball 2-0: Called Strike 2-1: Ball 3-1: Swinging Strike 3-2: SINGLE (Groundball, 25, EV 68.1 MPH) (infield hit) Andy Baumhardt to third Jose Mafano to second
|
|
Batting: RHB Andy Villarreal
|
0-0: Fielders Choice at 2nd, 5-4 (Groundball, 5, EV 87.5 MPH)
|
| Bottom of the 1st over - 0 runs, 2 hits, 0 errors, 3 left on base; San Francisco (APP) 4 - Chicago (APP) 0 |
| TOP OF THE 2ND |
|
San Francisco (APP) Giants batting - Pitching for Chicago (APP) Cubs : RHP Bobby Almonte
|
|
Batting: RHB Chris Kulik
|
0-0: Called Strike 0-1: Ball 1-1: Ball 2-1: Fly out, F8 (Flyball, 8LD, EV 94.4 MPH)
|
|
Batting: RHB Jonathan Hemsley
|
0-0: Called Strike 0-1: Foul Ball, location: 2F 0-2: Ball 1-2: Ball 2-2: Ground out 5-3 (Groundball, 56, EV 96.2 MPH)
|
|
Batting: RHB Vinny Torres
|
0-0: Ball 1-0: Called Strike 1-1: Foul Ball, location: 2F 1-2: Ball 2-2: Foul Ball, location: 2F 2-2: Strikes out looking
|
| Top of the 2nd over - 0 runs, 0 hits, 0 errors, 0 left on base; San Francisco (APP) 4 - Chicago (APP) 0 |
| BOTTOM OF THE 2ND |
|
Chicago (APP) Cubs batting - Pitching for San Francisco (APP) Giants : LHP Diego Tellez
|
|
Batting: SHB Rob Craft
|
0-0: Called Strike 0-1: Foul Ball, location: 2F 0-2: Strikes out swinging
|
|
Batting: LHB Wilhelm Myers
|
0-0: Called Strike 0-1: Foul Ball, location: 2F 0-2: Strikes out swinging
|
|
Batting: LHB Eddie Panagos
|
0-0: DOUBLE (Line Drive, 78M, EV 103.1 MPH)
|
|
Batting: RHB Lencho Otieno
|
0-0: Ball 1-0: Ball 2-0: Ground out 6-3 (Groundball, 56D, EV 83.8 MPH)
|
| Bottom of the 2nd over - 0 runs, 1 hit, 0 errors, 1 left on base; San Francisco (APP) 4 - Chicago (APP) 0 |
| TOP OF THE 3RD |
|
San Francisco (APP) Giants batting - Pitching for Chicago (APP) Cubs : RHP Bobby Almonte
|
|
Batting: RHB Coen Dirks
|
0-0: Ground out 4-3 (Groundball, 4, EV 101.2 MPH)
|
|
Batting: RHB Edwin Verdugo
|
0-0: Ball 1-0: Called Strike 1-1: Swinging Strike 1-2: Foul Ball, location: 2F 1-2: Ball 2-2: SOLO HOME RUN (Flyball, 78XD, EV 106.9 MPH), Distance : 431 ft
|
|
Batting: RHB Zach Maguire
|
0-0: Ball 1-0: Swinging Strike 1-1: Foul Ball, location: 2F 1-2: Ball 2-2: Ball 3-2: Strikes out swinging
|
|
Batting: RHB Tsugio Yamaguchi
|
0-0: Ball 1-0: SINGLE (Groundball, 6D, EV 101.2 MPH)
|
|
Batting: RHB Dave Perron
|
0-0: Ball Tsugio Yamaguchi steals 2nd base 1-0: Called Strike 1-1: Ball Passed Ball! Tsugio Yamaguchi to third 2-1: Swinging Strike 2-2: Foul Ball, location: 2F 2-2: Strikes out swinging
|
| Top of the 3rd over - 1 run, 2 hits, 0 errors, 1 left on base; San Francisco (APP) 5 - Chicago (APP) 0 |
| BOTTOM OF THE 3RD |
|
Chicago (APP) Cubs batting - Pitching for San Francisco (APP) Giants : LHP Diego Tellez
|
|
Batting: SHB Jim Lloyd
|
0-0: Ball 1-0: Ground out 4-3 (Groundball, 4M, EV 87.5 MPH)
|
|
Batting: RHB Andy Baumhardt
|
0-0: Ground out 5-3 (Groundball, 56, EV 95.0 MPH)
|
|
Batting: LHB Jose Mafano
|
0-0: Called Strike 0-1: Foul Ball, location: 2F 0-2: Ball 1-2: Ball 2-2: Foul Ball, location: 2F 2-2: Reached on error, E4 (Groundball, 4, EV 105.6 MPH)
|
|
Batting: RHB Jorge Gonzalez
|
0-0: Ball 1-0: Ground out 4-3 (Groundball, 34S, EV 93.8 MPH)
|
| Bottom of the 3rd over - 0 runs, 0 hits, 1 error, 1 left on base; San Francisco (APP) 5 - Chicago (APP) 0 |
| TOP OF THE 4TH |
|
San Francisco (APP) Giants batting - Pitching for Chicago (APP) Cubs : RHP Bobby Almonte
|
|
Batting: RHB Alex Peguero
|
0-0: Ball 1-0: Ball 2-0: Ball 3-0: Called Strike 3-1: Swinging Strike 3-2: Ground out 5-3 (Groundball, 15, EV 88.8 MPH)
|
|
Batting: RHB Chris Kulik
|
0-0: Foul Ball, location: 2F 0-1: Called Strike 0-2: Strikes out swinging
|
|
Batting: RHB Jonathan Hemsley
|
0-0: Ball 1-0: Ball 2-0: Ball 3-0: Called Strike 3-1: SINGLE (Groundball, 34D, EV 100.6 MPH)
|
|
Batting: RHB Vinny Torres
|
0-0: Called Strike Jonathan Hemsley steals 2nd base 0-1: Ball Passed Ball! Jonathan Hemsley to third 1-1: Foul Ball, location: 2F 1-2: Ball 2-2: Ball 3-2: Base on Balls
|
|
Pitching: RHP Mike Reusch
|
|
|
Batting: RHB Coen Dirks
|
0-0: Ball 1-0: SINGLE (Groundball, 34D, EV 103.8 MPH) Jonathan Hemsley scores Vinny Torres to second Runner from 2nd tries for 3rd, SAFE, throw by RF made to third
|
|
Batting: RHB Edwin Verdugo
|
0-0: Called Strike Coen Dirks steals 2nd, throwing error, E2 Vinny Torres scores Coen Dirks to third 0-1: Called Strike 0-2: 2-RUN HOME RUN (Flyball, 7D, EV 98.8 MPH), Distance : 377 ft
|
|
Batting: RHB Zach Maguire
|
0-0: Ball 1-0: Fly out, F8 (Flyball, 78M, EV 87.5 MPH)
|
| Top of the 4th over - 4 runs, 3 hits, 1 error, 0 left on base; San Francisco (APP) 9 - Chicago (APP) 0 |
| BOTTOM OF THE 4TH |
|
Chicago (APP) Cubs batting - Pitching for San Francisco (APP) Giants : LHP Diego Tellez
|
|
Batting: RHB Andy Villarreal
|
0-0: Ball 1-0: Foul Ball, location: 2F 1-1: Called Strike 1-2: Strikes out swinging
|
|
Batting: SHB Rob Craft
|
0-0: Called Strike 0-1: Ball 1-1: Ball 2-1: Fly out, F6 (Line Drive, 6, EV 65.0 MPH)
|
|
Batting: LHB Wilhelm Myers
|
0-0: Called Strike 0-1: Ball 1-1: Swinging Strike 1-2: Strikes out looking
|
| Bottom of the 4th over - 0 runs, 0 hits, 0 errors, 0 left on base; San Francisco (APP) 9 - Chicago (APP) 0 |
| TOP OF THE 5TH |
|
San Francisco (APP) Giants batting - Pitching for Chicago (APP) Cubs : RHP Mike Reusch
|
|
Batting: RHB Tsugio Yamaguchi
|
0-0: Ball 1-0: SOLO HOME RUN (Flyball, 78XD, EV 111.2 MPH), Distance : 445 ft
|
|
Batting: RHB Dave Perron
|
0-0: Ball 1-0: Called Strike 1-1: Foul Ball, location: 2F 1-2: Ball 2-2: Ball 3-2: Fly out, F8 (Flyball, 8LS, EV 87.5 MPH)
|
|
Batting: RHB Alex Peguero
|
0-0: Ball 1-0: Ball 2-0: Swinging Strike 2-1: Ball 3-1: Base on Balls
|
|
Pitching: RHP Man-keung Li
|
|
|
Batting: RHB Chris Kulik
|
0-0: Called Strike 0-1: Foul Ball, location: 2F 0-2: Strikes out looking
|
|
Batting: RHB Jonathan Hemsley
|
0-0: Called Strike 0-1: Hit by Pitch Alex Peguero to second
|
|
Batting: RHB Vinny Torres
|
0-0: Called Strike 0-1: Ground out 5-3 (Groundball, 56S, EV 80.0 MPH)
|
| Top of the 5th over - 1 run, 1 hit, 0 errors, 2 left on base; San Francisco (APP) 10 - Chicago (APP) 0 |
| BOTTOM OF THE 5TH |
|
Chicago (APP) Cubs batting - Pitching for San Francisco (APP) Giants : LHP Diego Tellez
|
|
Batting: LHB Eddie Panagos
|
0-0: Ball 1-0: Foul Ball, location: 2F 1-1: SINGLE (Groundball, 34D, EV 96.9 MPH)
|
|
Batting: RHB Lencho Otieno
|
0-0: TRIPLE (Flyball, 9LD, EV 96.2 MPH) Eddie Panagos scores
|
|
Batting: SHB Jim Lloyd
|
0-0: Foul Ball, location: 2F 0-1: Foul Ball, location: 2F 0-2: Ball 1-2: Ball 2-2: Fly out, F6 (Line Drive, 6, EV 70.0 MPH)
|
|
Batting: RHB Andy Baumhardt
|
0-0: Ball 1-0: Fly out, F3 (Popup, 3SF, EV 80.6 MPH)
|
|
Batting: LHB Jose Mafano
|
0-0: Ball Passed Ball! Lencho Otieno scores 1-0: Called Strike 1-1: Called Strike 1-2: Fly out, F8 (Flyball, 89M, EV 90.0 MPH)
|
| Bottom of the 5th over - 2 runs, 2 hits, 0 errors, 0 left on base; San Francisco (APP) 10 - Chicago (APP) 2 |
| TOP OF THE 6TH |
|
San Francisco (APP) Giants batting - Pitching for Chicago (APP) Cubs : RHP Man-keung Li
|
|
Batting: RHB Coen Dirks
|
0-0: Ground out 4-3 (Groundball, 4, EV 92.5 MPH)
|
|
Batting: RHB Edwin Verdugo
|
0-0: Ball 1-0: Ball 2-0: Ball 3-0: Base on Balls
|
|
Batting: RHB Zach Maguire
|
0-0: Called Strike Edwin Verdugo is caught stealing 2nd base 2-4 0-1: Foul Ball, location: 2F 0-2: Foul Ball, location: 2F 0-2: Ball 1-2: Ball 2-2: SINGLE (Groundball, 13S, EV 68.1 MPH) (infield hit)
|
|
Pitching: RHP Luis Solis
|
|
|
Batting: RHB Tsugio Yamaguchi
|
0-0: Ball Passed Ball! Zach Maguire to second 1-0: SINGLE (Groundball, 34D, EV 101.9 MPH) Zach Maguire to third Runner from 3rd tries for Home, SAFE, throw by RF to home
|
|
Batting: RHB Dave Perron
|
0-0: Swinging Strike 0-1: Ball Wild Pitch! Tsugio Yamaguchi to second 1-1: Swinging Strike 1-2: Strikes out swinging
|
| Top of the 6th over - 1 run, 2 hits, 0 errors, 1 left on base; San Francisco (APP) 11 - Chicago (APP) 2 |
| BOTTOM OF THE 6TH |
|
Chicago (APP) Cubs batting - Pitching for San Francisco (APP) Giants : LHP Diego Tellez
|
|
Batting: RHB Jorge Gonzalez
|
0-0: Called Strike 0-1: Ball 1-1: Ball 2-1: Ground out U3 (Groundball, 3, EV 80.0 MPH)
|
|
Pitching: RHP Josh Henderson
|
|
|
Batting: RHB Andy Villarreal
|
0-0: Ball 1-0: Called Strike 1-1: Called Strike 1-2: Ball 2-2: Ball 3-2: SINGLE (Line Drive, 78M, EV 99.4 MPH)
|
|
Batting: SHB Rob Craft
|
0-0: Ball 1-0: Hit by Pitch Andy Villarreal to second
|
|
Batting: LHB Wilhelm Myers
|
0-0: Ball Andy Villarreal steals 3rd base 1-0: Called Strike 1-1: Swinging Strike 1-2: Strikes out swinging
|
|
Batting: LHB Eddie Panagos
|
0-0: SINGLE (Groundball, 5L, EV 90.6 MPH) (infield hit) Andy Villarreal scores Rob Craft to second
|
|
Batting: RHB Lencho Otieno
|
0-0: Ball 1-0: Foul Ball, location: 2F 1-1: Ball 2-1: Fielders Choice at 2nd, 5-4 (Groundball, 5, EV 108.8 MPH)
|
| Bottom of the 6th over - 1 run, 2 hits, 0 errors, 2 left on base; San Francisco (APP) 11 - Chicago (APP) 3 |
| TOP OF THE 7TH |
|
San Francisco (APP) Giants batting - Pitching for Chicago (APP) Cubs : RHP Luis Solis
|
|
Batting: RHB Alex Peguero
|
0-0: Called Strike 0-1: Swinging Strike 0-2: Ball 1-2: Ball 2-2: Ball 3-2: Strikes out swinging
|
|
Batting: RHB Chris Kulik
|
0-0: Called Strike 0-1: Ball 1-1: SOLO HOME RUN (Flyball, 7D, EV 106.9 MPH), Distance : 385 ft
|
|
Pinch Hitting: LHB Chris West
|
0-0: Ball 1-0: Foul Ball, location: 2F 1-1: Foul Ball, location: 2F 1-2: Foul Ball, location: 2F 1-2: Fly out, F9 (Flyball, 9LM, EV 88.1 MPH)
|
|
Pitching: RHP Joshua Vincent
|
|
|
Pinch Hitting: LHB Eddie Lemus
|
0-0: Foul Ball, location: 2F 0-1: Swinging Strike 0-2: Strikes out looking
|
| Top of the 7th over - 1 run, 1 hit, 0 errors, 0 left on base; San Francisco (APP) 12 - Chicago (APP) 3 |
| BOTTOM OF THE 7TH |
|
Chicago (APP) Cubs batting - Pitching for San Francisco (APP) Giants : RHP Josh Henderson
|
|
Now in CF: Eddie Lemus
|
|
|
Now in RF: Chris West
|
|
|
Batting: SHB Jim Lloyd
|
0-0: Ball 1-0: Ball 2-0: Ball 3-0: Called Strike 3-1: Fly out, F8 (Flyball, 8LXD, EV 103.1 MPH)
|
|
Batting: RHB Andy Baumhardt
|
0-0: Foul Ball, location: 2F 0-1: Ball 1-1: Foul Ball, location: 2F 1-2: DOUBLE (Line Drive, 78M, EV 95.6 MPH)
|
|
Pitching: RHP François Leclerc
|
|
|
Batting: LHB Jose Mafano
|
0-0: Ball 1-0: Ball 2-0: Called Strike 2-1: Fly out, F7 (Flyball, 78M, EV 87.5 MPH)
|
|
Batting: RHB Jorge Gonzalez
|
0-0: Ball 1-0: Swinging Strike 1-1: Ball 2-1: Ground out U3 (Groundball, 34S, EV 80.0 MPH)
|
| Bottom of the 7th over - 0 runs, 1 hit, 0 errors, 1 left on base; San Francisco (APP) 12 - Chicago (APP) 3 |
| BOTTOM OF THE 8TH |
|
Chicago (APP) Cubs batting - Pitching for San Francisco (APP) Giants : RHP François Leclerc
|
|
Batting: RHB Andy Villarreal
|
0-0: Foul Ball, location: 2F 0-1: Called Strike 0-2: Ball 1-2: Ball 2-2: Strikes out swinging
|
|
Batting: SHB Rob Craft
|
0-0: Ground out 4-3 (Groundball, 4, EV 90.6 MPH)
|
|
Batting: LHB Wilhelm Myers
|
0-0: Ball 1-0: Ball 2-0: Called Strike 2-1: Swinging Strike 2-2: Strikes out swinging
|
| Bottom of the 8th over - 0 runs, 0 hits, 0 errors, 0 left on base; San Francisco (APP) 15 - Chicago (APP) 3 |
| TOP OF THE 9TH |
|
San Francisco (APP) Giants batting - Pitching for Chicago (APP) Cubs : RHP Robbie Schoen
|
|
Batting: LHB Eddie Lemus
|
0-0: Foul Ball, location: 2F 0-1: Called Strike 0-2: Ball 1-2: Foul Ball, location: 2F 1-2: Ball 2-2: Foul Ball, location: 2F 2-2: Ball 3-2: Strikes out swinging
|
|
Pitching: RHP Masato Iwase
|
|
|
Batting: RHB Coen Dirks
|
0-0: Ball 1-0: Called Strike 1-1: Called Strike 1-2: Ground out 6-3 (Groundball, 6S, EV 80.0 MPH)
|
|
Batting: RHB Edwin Verdugo
|
0-0: DOUBLE (Flyball, 89D, EV 110.0 MPH)
|
|
Batting: RHB Zach Maguire
|
0-0: Ball 1-0: 2-RUN HOME RUN (Flyball, 7LD, EV 96.9 MPH), Distance : 368 ft
|
|
Batting: RHB Tsugio Yamaguchi
|
0-0: Ball 1-0: Ball 2-0: Ball 3-0: Called Strike 3-1: SINGLE (Groundball, 6M, EV 105.0 MPH) (infield hit)
|
|
Batting: RHB Dave Perron
|
0-0: Ball 1-0: Called Strike 1-1: Swinging Strike Passed Ball! Tsugio Yamaguchi to second 1-2: Ball Wild Pitch! Tsugio Yamaguchi to third 2-2: Strikes out swinging wild pitch, reaches first! Tsugio Yamaguchi scores
|
|
Batting: RHB Alex Peguero
|
0-0: Swinging Strike 0-1: Ground out 4-3 (Groundball, 34D, EV 98.1 MPH)
|
| Top of the 9th over - 3 runs, 3 hits, 0 errors, 1 left on base; San Francisco (APP) 18 - Chicago (APP) 3 |
| BOTTOM OF THE 9TH |
|
Chicago (APP) Cubs batting - Pitching for San Francisco (APP) Giants : RHP François Leclerc
|
|
Batting: LHB Eddie Panagos
|
0-0: Called Strike 0-1: Swinging Strike 0-2: Ball 1-2: Ball 2-2: Foul Ball, location: 2F 2-2: Strikes out looking
|
|
Batting: RHB Lencho Otieno
|
0-0: Ground out 4-3 (Groundball, 4M, EV 107.5 MPH)
|
|
Batting: SHB Jim Lloyd
|
0-0: Called Strike 0-1: Ball 1-1: Foul Ball, location: 2F 1-2: Ball 2-2: Strikes out looking
|
| Bottom of the 9th over - 0 runs, 0 hits, 0 errors, 0 left on base; San Francisco (APP) 18 - Chicago (APP) 3 |
|